 Dungeon Crawl Stone Soup version 0.20.1-1-g8b1a95d (webtiles) character file.

10 letownia2 the Magician (level 2, -3/15 HPs)
             Began as a Gargoyle Wizard on Jan 2, 2018.
             Killed from afar by an orc wizard (8 damage)
             ... with a puff of frost
             ... on level 4 of the Dungeon.
             The game lasted 00:01:44 (798 turns).

letownia2 the Magician (Gargoyle Wizard)             Turns: 798, Time: 00:01:45

Health: -3/15      AC:  5    Str: 10    XL:     2   Next: 20%
Magic:  0/6        EV: 11    Int: 18    God:
Gold:   11         SH:  0    Dex:  8    Spells: 4/7 levels left

rFire    . . .     SeeInvis .   k - +0 hand axe
rCold    . . .     Gourm    .   (no shield)
rNeg     + . .     Faith    .   i - +0 leather armour
rPois    ∞         Spirit   .   b - +0 hat
rElec    +         Reflect  .   (no cloak)
rCorr    .         Harm     .   (no gloves)
MR       .....                  (no boots)
Stlth    +.........             (no amulet)
Regen    0.1/turn               (no ring)
MPRegen  0.1/turn               (no ring)

@: very slightly contaminated
A: negative energy resistance 1, electricity resistance, unbreathing,
petrification resistance, rot immunity, AC +2
a: no special abilities


You were on level 4 of the Dungeon.
You were not hungry.

You visited 1 branch of the dungeon, and saw 4 of its levels.

You collected 11 gold pieces.

Inventory:

Hand Weapons
 k - a +0 hand axe (weapon)
Armour
 a - a +0 robe
 b - a +0 hat (worn)
 i - a +0 leather armour (worn)
Scrolls
 e - a scroll of remove curse {unknown}
 g - a scroll of identify {unknown}
Potions
 f - a potion of heal wounds {unknown}
 h - a potion of degeneration {unknown}
Books
 c - a book of Minor Magic

   Spells                             Type                      Level
   a - Magic Dart                     Conjuration                  1
   b - Blink                          Translocation                2
   c - Call Imp                       Summoning                    2
   d - Slow                           Hexes                        2
   e - Conjure Flame                  Conjuration/Fire             3
   f - Mephitic Cloud                 Conjuration/Poison/Air       3
Comestibles
 d - a bread ration
 j - 4 chunks of flesh


   Skills:
 - Level 1.5 Dodging
 - Level 2.1 Stealth
 - Level 3.0 Spellcasting
 + Level 2.4 Conjurations
   Level 0.8 Summonings
 - Level 0.8 Translocations


You had 4 spell levels left.
You knew the following spells:

 Your Spells              Type           Power        Failure   Level  Hunger
a - Magic Dart            Conj           ##..         9%          1    None
b - Blink                 Tloc           N/A          24%         2    ##.....


Dungeon Overview and Level Annotations

Branches:
Dungeon (4/15)
 Temple: D:4-7

Altars:

Shops:
D:4 =%

Annotations:
D:4 exclusion: howler monkey, Ijyb


Innate Abilities, Weirdness & Mutations

You are resistant to torment.
Your stone body is resilient. (AC +2)
You are immune to poison.
You resist negative energy. (rN+)
You are resistant to electric shocks. (rElec)
You can survive without breathing.
You are immune to petrification.
You are immune to rotting.


Message History

Confirm with . or Enter, or press ? or * to list all spells.
Aiming: Magic Dart
Press: ? - help, Shift-Dir - straight line, f/p - orc wizard
Aim: an orc wizard, wielding a dagger and wearing a robe (moderately wounded, fast)
The magic dart hits the orc wizard.
The orc wizard is severely wounded.
The orc wizard hits you but does no damage.
Casting: Magic Dart
Confirm with . or Enter, or press ? or * to list all spells.
Aiming: Magic Dart
Press: ? - help, Shift-Dir - straight line, f/p - orc wizard
Aim: an orc wizard, wielding a dagger and wearing a robe (severely wounded, fast)
You miscast Magic Dart.
You are very lightly contaminated with residual magic.
You smell something strange.
The orc wizard hits you but does no damage.
The orc wizard casts a spell at you. The puff of frost hits you!
Ouch! That really hurt!
You die...

?......... ####
..)...... ##..###
.........
##.....###
.=....g.#
##........#
.....†..#
##.........# #.#
##..(.......#
#.####..........##
##o##.........###
#@#.........##
#.#.......###
##.......##
#.....#####
##.........#######
##..#######.......)
##..## ###.......
##..## #.........
#..## #........#


You could see Ijyb and an orc wizard.

Vanquished Creatures
  A leopard gecko (D:4)
  3 orcs (D:4)
  A quokka (D:4)
  A frilled lizard (D:4)
6 creatures vanquished.

Notes
Turn   | Place    | Note
-------+----------+-------------------------------------------
     0 | D:1      | letownia2 the Gargoyle Wizard began the quest for the Orb.
     0 | D:1      | Reached XP level 1. HP: 10/10 MP: 4/4
   101 | D:3      | Noticed an orc wizard
   111 | D:4      | Found Ystruh's Jewellery Shoppe.
   372 | D:4      | Found Ulustopi's Food Shop.
   403 | D:4      | Noticed a howler monkey
   439 | D:4      | Noticed a worker ant
   689 | D:4      | Reached XP level 2. HP: 15/15 MP: 3/6
   722 | D:4      | Learned a level 2 spell: Blink
   796 | D:4      | Noticed Ijyb
   798 | D:4      | Killed from afar by an orc wizard

Skill      XL: |  1 |
---------------+----+-----
Conjurations   | 2 |  2.4
Dodging        | |  1.5
Stealth        | |  2.1
Spellcasting   | |  3.0
Summonings     | |  0.8
Translocations | |  0.8

Action                   || total
-------------------------++-------
Melee: Unarmed           ||    13
 Cast: Magic Dart        ||    18
Armor: Robe              ||     2
       Leather armour    ||     4
Dodge: Dodged            ||    12
